[Event "Titled Tuesday Blitz September 13 Late 2022"]
[White "Wan, Joseph"]
[Black "Zhigalko, Sergei"]
[WhiteFideId "2069890"]
[BlackFideId "13502956"]
[WhiteElo "2198"]
[BlackElo "2662"]
[Result "1-0"]
[Round "07"]
[TimeControl "180+1"]
[Date "2022.09.13"]
[WhiteClock "0:00:05"]
[BlackClock "0:00:05"]

1. d4 Nf6 2. Bf4 e6 3. e3 d5 4. Nf3 Bd6 5. Nbd2 O-O 6. Bg3 b6 7. Bd3 Bb7 8. c3 c5 9. Ne5 Nc6 10. f4 Ne7 11. Qf3 Nf5 12. Bf2 Be7 13. g4 Nd6 14. O-O Nfe4 15. Qe2 f6 16. Nef3 c4 17. Bc2 b5 18. a4 a6 19. Kg2 Qb6 20. a5 Qc7 21. h4 Rab8 22. h5 b4 23. cxb4 Bc6 24. Rfc1 Rxb4 25. h6 Rxb2 26. hxg7 Rfb8 27. Nxe4 Nxe4 28. Qf1 Kxg7 29. Nh4 Bb4 30. Bxe4 Bd2 31. Rc2 dxe4 32. Qxc4 R8b4 33. Qxe6 Rxc2 34. Nf5+ Kf8 35. Qxf6+ Ke8 36. Qh8+ Kd7 37. Rh1 Bb5 38. Rxh7+ Kc6 39. Qa8+ 1-0


[Site "https://www.chess.com"]

[Event "Titled Tuesday Blitz September 13 Late 2022"]
[White "Xiong, Jeffery"]
[Black "Tayar, Jonathan"]
[WhiteFideId "2047640"]
[BlackFideId "2606534"]
[WhiteElo "2714"]
[BlackElo "2413"]
[Result "1-0"]
[Round "07"]
[TimeControl "180+1"]
[Date "2022.09.13"]
[WhiteClock "0:02:12"]
[BlackClock "0:00:09"]

1. c4 g6 2. d4 Bg7 3. e4 d6 4. Nc3 Nf6 5. Be2 O-O 6. Be3 c6 7. Nf3 e5 8. d5 Ng4 9. Bg5 f6 10. Bh4 h5 11. Nd2 Nh6 12. f3 c5 13. a3 a5 14. b4 axb4 15. axb4 Rxa1 16. Qxa1 cxb4 17. Nb5 Na6 18. O-O Bd7 19. Bf2 Nf7 20. Rc1 Qe7 21. Qa5 Rc8 22. Na7 Ra8 23. Qb6 Be8 24. Nb3 Bh6 25. Ra1 f5 26. c5 Nxc5 27. Nxc5 dxc5 28. Qxg6+ Kh8 29. exf5 b3 30. f6 Qf8 31. Qb1 Qd6 32. Qxb3 b6 33. Ra6 Rb8 34. Nc6 Bxc6 35. dxc6 Qxf6 36. c7 Rc8 37. Rxb6 Qe7 38. Rb8 Qxc7 39. Rxc8+ Qxc8 40. Qxf7 Bg7 41. Qxh5+ 1-0


[Site "https://www.chess.com"]

[Event "Titled Tuesday Blitz September 13 Late 2022"]
[White "Aldokhin, Ivan"]
[Black "Matt, Fabian"]
[WhiteFideId "24115720"]
[BlackFideId "1623303"]
[WhiteElo "2243"]
[BlackElo "2287"]
[Result "1-0"]
[Round "08"]
[TimeControl "180+1"]
[Date "2022.09.13"]
[WhiteClock "0:00:35"]
[BlackClock "0:00:26"]

1. e4 e5 2. Nf3 Nc6 3. Bb5 Nf6 4. O-O Nxe4 5. Re1 Nd6 6. Bxc6 dxc6 7. Nxe5 Be7 8. b3 O-O 9. Bb2 Bf6 10. Nc3 Re8 11. d4 Bf5 12. Ne2 h6 13. Ng3 Bh7 14. c4 Nf5 15. Ne4 Be7 16. Qh5 Rf8 17. Rad1 Nd6 18. Nc5 Bf5 19. Nxb7 Nxb7 20. Nxc6 Bg6 21. Qf3 Qb8 22. Nxb8 1-0


[Site "https://www.chess.com"]

[Event "Titled Tuesday Blitz September 13 Late 2022"]
[White "Andreikin, Dmitry"]
[Black "Sarana, Alexey"]
[WhiteFideId "4158814"]
[BlackFideId "24133795"]
[WhiteElo "2736"]
[BlackElo "2689"]
[Result "1/2-1/2"]
[Round "08"]
[TimeControl "180+1"]
[Date "2022.09.13"]
[WhiteClock "0:02:41"]
[BlackClock "0:02:49"]

1. d4 Nf6 2. c4 e6 3. Nf3 d5 4. g3 dxc4 5. Bg2 Nbd7 6. O-O c6 7. Nc3 b5 8. e4 Bb7 9. e5 Nd5 10. Ng5 Be7 11. Qh5 g6 12. Qh6 Bf8 13. Qh3 Be7 14. Qh6 Bf8 15. Qh3 Be7 16. Qh6 1/2-1/2


[Site "https://www.chess.com"]

[Event "Titled Tuesday Blitz September 13 Late 2022"]
[White "Arnold, Ken"]
[Black "Indjic, Aleksandar"]
[WhiteFideId "2056836"]
[BlackFideId "911925"]
[WhiteElo "2464"]
[BlackElo "2592"]
[Result "0-1"]
[Round "08"]
[TimeControl "180+1"]
[Date "2022.09.13"]
[WhiteClock "0:00:47"]
[BlackClock "0:01:56"]

1. d4 Nf6 2. Nf3 e6 3. c4 c5 4. d5 d6 5. Nc3 exd5 6. cxd5 g6 7. Bg5 a6 8. e3 h6 9. Bh4 g5 10. Bg3 b5 11. Bd3 Nh5 12. Bc2 Bg7 13. O-O Nxg3 14. hxg3 Nd7 15. a4 b4 16. Ne4 Qe7 17. Rb1 f5 18. Nxd6+ Qxd6 19. Bxf5 Ne5 20. Nxe5 Bxe5 21. Qh5+ Kd8 22. Be6 Bxe6 23. dxe6 Qxe6 24. Rfd1+ Ke7 25. f4 Bf6 26. Qf3 Rad8 27. f5 Qc8 28. Qe4+ Kf7 29. Rd5 Rhe8 30. Qc4 Rxd5 31. Qxd5+ Kg7 32. Qf3 c4 33. e4 Re7 34. Rd1 c3 35. bxc3 bxc3 36. Rd6 Qc5+ 0-1


[Site "https://www.chess.com"]

[Event "Titled Tuesday Blitz September 13 Late 2022"]
[White "Bayo Milagro, Alvaro"]
[Black "Sivakumar, Shaaketh"]
[WhiteFideId "22275240"]
[BlackFideId "30940176"]
[WhiteElo "2270"]
[BlackElo "1799"]
[Result "0-1"]
[Round "08"]
[TimeControl "180+1"]
[Date "2022.09.13"]
[WhiteClock "0:00:02"]
[BlackClock "0:00:05"]

1. e4 c5 2. Nf3 d6 3. d4 cxd4 4. Nxd4 Nf6 5. Nc3 a6 6. Be2 e6 7. O-O Be7 8. Be3 O-O 9. f4 Nc6 10. a4 Bd7 11. Nb3 e5 12. f5 Nb4 13. a5 Bc6 14. Bf3 d5 15. exd5 Nbxd5 16. Nxd5 Nxd5 17. Bd2 Qc7 18. c4 Nb4 19. Qe2 Rad8 20. Be3 e4 21. Bg4 Qd6 22. Bc5 Qf6 23. Bxe7 Qxe7 24. f6 Qe5 25. fxg7 Kxg7 26. Rf5 Qe7 27. Raf1 Rd6 28. Bh5 Be8 29. Nc5 f6 30. Nxe4 Bxh5 31. Rxh5 Re6 32. Qg4+ Kh8 33. Ng3 Nc2 34. Nf5 Qc5+ 35. Kh1 Qc7 36. Nh4 f5 37. Rhxf5 Rg8 38. Rg5 Ree8 39. Rxg8+ Rxg8 40. Qe2 Nd4 41. Qe4 Qg7 42. Rd1 Nc6 43. Nf5 Qxb2 44. h3 Qf6 45. Rd6 Qe5 46. Qxe5+ Nxe5 47. Rb6 Nxc4 48. Rxb7 Nxa5 49. Nh6 Nxb7 0-1


[Site "https://www.chess.com"]

[Event "Titled Tuesday Blitz September 13 Late 2022"]
[White "Bluebaum, Matthias"]
[Black "Wan, Joseph"]
[WhiteFideId "24651516"]
[BlackFideId "2069890"]
[WhiteElo "2633"]
[BlackElo "2198"]
[Result "1-0"]
[Round "08"]
[TimeControl "180+1"]
[Date "2022.09.13"]
[WhiteClock "0:00:22"]
[BlackClock "0:00:02"]

1. d4 e6 2. c4 b6 3. a3 Bb7 4. Nc3 f5 5. Bf4 Nf6 6. e3 Be7 7. h4 O-O 8. Nf3 h6 9. Bd3 d6 10. h5 Nbd7 11. Qe2 c5 12. Bg3 Ne4 13. Bxe4 fxe4 14. Nd2 d5 15. Qg4 Rf5 16. Nxd5 Bxd5 17. cxd5 Nf6 18. Qe2 Qxd5 19. Be5 Nd7 20. f4 cxd4 21. Bxd4 e5 22. fxe5 Nxe5 23. Bxe5 Rxe5 24. Rd1 Qe6 25. Qc4 Bc5 26. Qxe6+ Rxe6 27. Ke2 Rf8 28. b4 Be7 29. Rhf1 Re5 30. Rxf8+ Kxf8 31. g4 Rg5 32. Rf1+ Ke8 33. Rf4 Kd7 34. Rxe4 Bf6 35. Rf4 Rd5 36. Ne4 Bb2 37. Rf7+ Kc6 38. Rxa7 Kb5 39. Kf3 Rd1 40. Rb7 Rf1+ 41. Ke2 Rg1 42. a4+ Kxa4 43. Rxb6 Rxg4 44. Nc5+ Ka3 45. Ra6+ Kxb4 46. Ra4+ Kxc5 47. Rxg4 Bf6 48. Kd3 Kd5 49. Ra4 Ke5 50. Ra5+ Ke6 51. Ke4 Bg5 52. Ra6+ Kf7 53. Kd4 Bf6+ 54. Kd5 Bg5 55. e4 Ke7 56. e5 Kf8 57. Ke6 Kg8 58. Ra8+ Kh7 59. Kf7 Bf6 60. exf6 gxf6 61. Ke6 1-0


[Site "https://www.chess.com"]

[Event "Titled Tuesday Blitz September 13 Late 2022"]
[White "Bortnyk, Olexandr"]
[Black "Jobava, Baadur"]
[WhiteFideId "14120828"]
[BlackFideId "13601520"]
[WhiteElo "2723"]
[BlackElo "2582"]
[Result "1-0"]
[Round "08"]
[TimeControl "180+1"]
[Date "2022.09.13"]
[WhiteClock "0:01:11"]
[BlackClock "0:00:31"]

1. d4 d5 2. Nc3 c6 3. Bf4 Bf5 4. e3 e6 5. Nf3 Nf6 6. Ne5 h6 7. g4 Bh7 8. h4 Nfd7 9. Bd3 Nxe5 10. Bxe5 Bxd3 11. Qxd3 Nd7 12. Bg3 Bb4 13. Kf1 O-O 14. Ne2 Re8 15. c3 Bf8 16. f4 Nf6 17. g5 Ne4 18. Be1 h5 19. g6 f5 20. Rg1 Be7 21. Ng3 Bxh4 22. Nxe4 fxe4 23. Qe2 Bxe1 24. Kxe1 Qh4+ 25. Kd2 Kf8 26. Rg5 Qh3 27. Rxh5 Qf3 28. Qh2 Qg4 29. Rg1 1-0


[Site "https://www.chess.com"]

[Event "Titled Tuesday Blitz September 13 Late 2022"]
[White "Cardoso Cardoso, Jose Gabriel"]
[Black "Winterberg, Lukas"]
[WhiteFideId "4430492"]
[BlackFideId "24622702"]
[WhiteElo "2485"]
[BlackElo "2349"]
[Result "1-0"]
[Round "08"]
[TimeControl "180+1"]
[Date "2022.09.13"]
[WhiteClock "0:00:03"]
[BlackClock "0:00:12"]

1. d4 Nf6 2. Nf3 d5 3. Bg5 Ne4 4. Bf4 Bf5 5. e3 e6 6. Bd3 c5 7. Bxb8 Rxb8 8. Bb5+ Ke7 9. c3 cxd4 10. exd4 f6 11. O-O Kf7 12. Nh4 Bg6 13. Nd2 Qb6 14. Nxe4 Qxb5 15. Ng3 Qxb2 16. Qa4 Qb6 17. f4 Bd3 18. Rfe1 Qc6 19. Qd1 Be4 20. f5 exf5 21. Qh5+ g6 22. Nxg6 hxg6 23. Qxh8 Qxc3 24. Rad1 Re8 25. Nxe4 fxe4 26. Rf1 Bg7 27. Qh7 e3 28. Rxf6+ Kxf6 29. Rf1+ Ke6 30. Qxg7 Re7 31. Qe5+ Kd7 32. Qxd5+ Kc7 33. Qg5 Rd7 34. Qf4+ Rd6 35. Qf7+ Kc6 36. Qf3+ Kc7 37. Qf7+ Kc6 38. Qe8+ Kb6 39. Rb1+ Ka5 40. Qb5# 1-0


[Site "https://www.chess.com"]

[Event "Titled Tuesday Blitz September 13 Late 2022"]
[White "Colivet Gamboa, Julio Cesar"]
[Black "Gomez Ledo, Roberto Carlos"]
[WhiteFideId "3949583"]
[BlackFideId "3507076"]
[WhiteElo "1744"]
[BlackElo "2379"]
[Result "0-1"]
[Round "08"]
[TimeControl "180+1"]
[Date "2022.09.13"]
[WhiteClock "0:00:05"]
[BlackClock "0:00:26"]

1. c4 e6 2. Nf3 Nf6 3. g3 d5 4. Bg2 Be7 5. O-O O-O 6. d4 dxc4 7. Nc3 Nd5 8. Ne5 Nb6 9. a4 a5 10. e4 N8d7 11. Bf4 Nxe5 12. Bxe5 Bd7 13. d5 f6 14. dxe6 Bxe6 15. Qxd8 Bxd8 16. Bf4 c6 17. Rad1 Be7 18. e5 f5 19. Be3 Nd7 20. f4 Rfd8 21. g4 Bc5 22. Bxc5 Nxc5 23. gxf5 Bxf5 24. Kf2 Nd3+ 25. Ke3 Nxb2 26. Rxd8+ Rxd8 27. Ne4 Rd3+ 28. Kf2 Bxe4 29. Bxe4 Rd1 30. Rxd1 Nxd1+ 31. Ke1 Nc3 32. Bc2 b5 33. axb5 cxb5 34. e6 g6 35. Kd2 b4 36. f5 gxf5 37. Bxf5 h6 38. Bg6 Kf8 39. Ke3 Nb5 40. Be4 a4 41. Bc6 a3 0-1


[Site "https://www.chess.com"]

[Event "Titled Tuesday Blitz September 13 Late 2022"]
[White "Dilanyan, Grigor"]
[Black "Maksimovic, Bojan"]
[WhiteFideId "13303570"]
[BlackFideId "14408120"]
[WhiteElo "2264"]
[BlackElo "2447"]
[Result "0-1"]
[Round "08"]
[TimeControl "180+1"]
[Date "2022.09.13"]
[WhiteClock "0:01:49"]
[BlackClock "0:01:23"]

1. d4 c5 2. c3 Qa5 3. Nf3 cxd4 4. Nxd4 Nc6 5. Nb3 Qc7 6. g3 Nf6 7. Bg2 g6 8. O-O Bg7 9. Na3 O-O 10. Bf4 d6 11. Nb5 Qb8 12. a4 a6 13. N5d4 Bd7 14. Nc5 Qc7 15. Nxd7 Nxd7 16. Nxc6 bxc6 17. Rc1 Rab8 18. b4 a5 19. Qd3 Ne5 20. Bxe5 Bxe5 21. b5 cxb5 22. axb5 Qc5 23. c4 a4 24. Kh1 Rfc8 25. Rc2 a3 26. Rb1 Bb2 27. Qb3 Rxb5 28. Qa2 Rb4 29. Bd5 e6 30. Bf3 Rxc4 31. Rcxb2 axb2 32. Rxb2 Qxf2 0-1


[Site "https://www.chess.com"]

[Event "Titled Tuesday Blitz September 13 Late 2022"]
[White "Fernandez De La Vara, Arnaldo"]
[Black "Vovk, Orest"]
[WhiteFideId "3518388"]
[BlackFideId "14113490"]
[WhiteElo "2387"]
[BlackElo "2203"]
[Result "1/2-1/2"]
[Round "08"]
[TimeControl "180+1"]
[Date "2022.09.13"]
[WhiteClock "0:00:02"]
[BlackClock "0:00:03"]

1. Nf3 d5 2. g3 Nf6 3. Bg2 Bf5 4. O-O e6 5. d3 h6 6. Nbd2 Be7 7. b3 O-O 8. Qe1 Bh7 9. e4 dxe4 10. dxe4 Nc6 11. Bb2 Bc5 12. Qe2 Qe7 13. a3 a6 14. e5 Nd7 15. b4 Ba7 16. c4 Nb6 17. Ne4 Na4 18. Bc1 Nd4 19. Nxd4 Bxd4 20. Rb1 Bxe5 21. Rb3 Rad8 22. g4 Bd4 23. g5 hxg5 24. Nxg5 Bg6 25. Rh3 Bf6 26. Qg4 Bxg5 27. Qxg5 Qxg5 28. Bxg5 Rd4 29. Bxb7 Rxc4 30. Bxa6 Rg4+ 31. Rg3 Rxg3+ 32. hxg3 Ra8 33. Bb7 Ra7 34. Bc6 Nc3 35. a4 Ne2+ 36. Kh2 Nd4 37. Be3 Nxc6 38. Bxa7 Nxa7 39. b5 Bc2 40. Rc1 Bxa4 41. Ra1 Bxb5 42. Rxa7 c6 43. Kh3 g6 44. Kg4 Kg7 45. Kg5 Bc4 46. Rc7 Bd5 47. f4 Bf3 48. Rc8 Bd5 49. Rc7 Be4 50. g4 Bf3 51. f5 exf5 52. gxf5 gxf5 53. Kxf5 Bd5 54. Ke5 Kg6 55. Rc8 f6+ 56. Kf4 Kf7 57. Rc7+ Ke6 58. Rc8 f5 59. Re8+ Kd7 60. Rf8 Be4 61. Ke5 Kc7 62. Rf6 Kb6 63. Kd6 Kb5 64. Rf7 c5 65. Rc7 c4 66. Ke5 Kb4 67. Kd4 Bd3 68. Rb7+ Ka5 69. Kc5 Ka4 70. Rf7 Kb3 71. Kd4 Kc2 72. Rxf5 Bxf5 73. Kxc4 1/2-1/2


[Site "https://www.chess.com"]

[Event "Titled Tuesday Blitz September 13 Late 2022"]
[White "Fishbein, Alexander"]
[Black "Vasquez Schroeder, Rodrigo"]
[WhiteFideId "2000377"]
[BlackFideId "3400042"]
[WhiteElo "2410"]
[BlackElo "2577"]
[Result "1-0"]
[Round "08"]
[TimeControl "180+1"]
[Date "2022.09.13"]
[WhiteClock "0:00:25"]
[BlackClock "0:00:06"]

1. c4 c5 2. Nf3 Nf6 3. Nc3 e6 4. g3 b6 5. Bg2 Bb7 6. O-O a6 7. b3 Be7 8. Bb2 O-O 9. e3 d6 10. d4 Qc7 11. Rc1 Nbd7 12. Qe2 Rfe8 13. Rfd1 Rac8 14. Nh4 cxd4 15. exd4 Bf8 16. Bxb7 Qxb7 17. Qf3 Qxf3 18. Nxf3 d5 19. cxd5 exd5 20. Ne5 Nxe5 21. dxe5 Rxe5 22. Na4 Rxc1 23. Rxc1 Re6 24. Rc8 b5 25. Nc5 Re8 26. Rxe8 Nxe8 27. Nxa6 Bd6 28. Bd4 f6 29. a4 bxa4 30. bxa4 Kf7 31. a5 Ke7 32. Nc5 Nc7 33. a6 Be5 34. Bxe5 fxe5 35. a7 Kd6 36. Na6 Na8 37. Kf1 Kc6 38. Ke2 Kb7 39. Nc5+ Kxa7 40. Ne6 Kb6 41. Nxg7 Kc5 42. Nh5 Nc7 43. Nf6 h6 44. Ng4 e4 45. Ke3 Kc4 46. Nxh6 Kc3 47. Nf5 Ne6 48. h4 Kc4 49. h5 Ng5 50. h6 Nh7 51. g4 Kc5 52. Kf4 Kc4 53. g5 Nf8 54. Nh4 d4 55. Kxe4 Nh7 56. f4 1-0


[Site "https://www.chess.com"]

[Event "Titled Tuesday Blitz September 13 Late 2022"]
[White "Hansen, Eric"]
[Black "Papasimakopoulos, Alexandros"]
[WhiteFideId "2606771"]
[BlackFideId "4244125"]
[WhiteElo "2568"]
[BlackElo "2357"]
[Result "0-1"]
[Round "08"]
[TimeControl "180+1"]
[Date "2022.09.13"]
[WhiteClock "0:00:02"]
[BlackClock "0:00:33"]

1. Nf3 d5 2. g3 Nf6 3. Bg2 c6 4. O-O Bf5 5. d3 e6 6. c4 h6 7. Qb3 Qb6 8. Be3 Qxb3 9. axb3 a6 10. Nc3 Nbd7 11. h3 Be7 12. Nd4 Bg6 13. cxd5 exd5 14. Nc2 O-O 15. b4 Rfe8 16. Bd4 Bd6 17. f4 h5 18. Rf2 Rad8 19. Na4 Bf5 20. Nc5 Nxc5 21. bxc5 Bc7 22. Bxf6 gxf6 23. Nd4 Bh7 24. h4 f5 25. Bh3 Re3 26. Rg2 Rde8 27. Kf1 Bd8 28. Bxf5 Bf6 29. Bxh7+ Kxh7 30. Nf5 R3e6 31. Ra4 Be7 32. Rb4 b5 33. Nxe7 R6xe7 34. Rb3 a5 35. Ra3 a4 36. b3 axb3 37. Rxb3 Kg6 38. Ra3 Kf5 39. Ra6 Re6 40. Ke1 Rb8 41. Kd2 d4 42. Ra7 f6 43. Rd7 b4 44. Rxd4 b3 45. e4+ Kg4 46. Kc3 Rb5 47. Rc4 Re8 48. f5 Reb8 49. Rb2 Kxg3 50. Kd2 Kf3 51. Kc3 Ke3 0-1


[Site "https://www.chess.com"]

[Event "Titled Tuesday Blitz September 13 Late 2022"]
[White "Hjartarson, Johann"]
[Black "Rustemov, Alexander"]
[WhiteFideId "2300044"]
[BlackFideId "4119002"]
[WhiteElo "2458"]
[BlackElo "2854"]
[Result "1-0"]
[Round "08"]
[TimeControl "180+1"]
[Date "2022.09.13"]
[WhiteClock "0:00:10"]
[BlackClock "0:00:07"]

1. c4 c5 2. Nc3 g6 3. g3 Bg7 4. Bg2 Nc6 5. a3 Bxc3 6. bxc3 d6 7. Nf3 Qd7 8. d3 b6 9. O-O Bb7 10. e4 h6 11. a4 Na5 12. Be3 O-O-O 13. Nd2 Nc6 14. Nb3 a5 15. Rb1 Qc7 16. Nd2 Nf6 17. Qb3 Nd7 18. f4 f5 19. d4 Kb8 20. exf5 gxf5 21. Nf3 Ka7 22. Rfe1 Rhe8 23. d5 Ncb8 24. Bf2 Nf6 25. Nh4 Bc8 26. Bh3 Ng4 27. Re2 e6 28. dxe6 Rxe6 29. Rxe6 Bxe6 30. Bg2 Bd7 31. Re1 Nc6 32. Qd1 Nf6 33. Qd3 Ne4 34. Nxf5 Bxf5 35. Bxe4 Bxe4 36. Qxe4 Kb7 37. Qg6 Qd7 38. Qxh6 Qf7 39. Qe6 Qh5 40. Kg2 Rh8 41. Qd7+ Ka6 42. Qxc6 Qxh2+ 43. Kf1 Qh3+ 44. Qg2 Qh7 45. Rd1 Qc2 46. Qd5 Qxc3 47. Qxd6 Qxc4+ 48. Qd3 Rh1+ 49. Kg2 Qxd3 50. Rxd3 Ra1 51. f5 Rxa4 52. f6 c4 53. Rf3 c3 54. Rxc3 Ra3 55. Rxa3 b5 56. f7 b4 57. Rf3 Kb5 58. f8=Q a4 59. Qd6 Kc4 60. Rf5 Kb3 61. Qd5+ Ka3 62. Rf3+ b3 63. Bc5+ Ka2 64. Rf2+ Kb1 65. Qd1# 1-0


[Site "https://www.chess.com"]

[Event "Titled Tuesday Blitz September 13 Late 2022"]
[White "Keymer, Vincent"]
[Black "Kobo, Ori"]
[WhiteFideId "12940690"]
[BlackFideId "2812320"]
[WhiteElo "2585"]
[BlackElo "2420"]
[Result "1-0"]
[Round "08"]
[TimeControl "180+1"]
[Date "2022.09.13"]
[WhiteClock "0:00:49"]
[BlackClock "0:00:06"]

1. Nf3 Nf6 2. c4 c5 3. Nc3 d5 4. cxd5 Nxd5 5. e3 Nc6 6. Bb5 e6 7. O-O Be7 8. Ne5 Bd7 9. Bxc6 Bxc6 10. Nxc6 bxc6 11. Qa4 Qb6 12. Nxd5 exd5 13. b3 Bf6 14. Rb1 Qb5 15. Ba3 c4 16. Qxb5 cxb5 17. bxc4 bxc4 18. Rb7 h5 19. Rfb1 Rh6 20. R1b5 d4 21. exd4 Rd8 22. Bc5 a6 23. R5b6 Bg5 24. f4 Bf6 25. Kf1 a5 26. g3 Rg6 27. Ke2 h4 28. Kf3 hxg3 29. hxg3 Rh6 30. Rb1 Bxd4 31. Re1+ Re6 32. Rxe6+ fxe6 33. Re7+ Kf8 34. Rd7+ Bxc5 35. Rxd8+ Ke7 36. Rc8 1-0


[Site "https://www.chess.com"]

[Event "Titled Tuesday Blitz September 13 Late 2022"]
[White "Korchmar, Vasiliy"]
[Black "Sjugirov, Sanan"]
[WhiteFideId "24131750"]
[BlackFideId "4189302"]
[WhiteElo "2370"]
[BlackElo "2609"]
[Result "0-1"]
[Round "08"]
[TimeControl "180+1"]
[Date "2022.09.13"]
[WhiteClock "0:00:01"]
[BlackClock "0:00:57"]

1. e4 c6 2. d4 d5 3. e5 Bf5 4. c4 e6 5. Nc3 Ne7 6. a3 dxc4 7. Bxc4 Nd7 8. Nge2 Nb6 9. Ba2 Ned5 10. O-O Be7 11. Ng3 Bg6 12. f4 Qd7 13. Nce4 O-O 14. Qf3 Rad8 15. Bd2 Nc7 16. Be3 Nbd5 17. Bf2 Kh8 18. Rad1 a5 19. Kh1 a4 20. Bg1 Bf5 21. Bb1 Qc8 22. Bc2 Nb6 23. Bb1 Ncd5 24. Nxf5 exf5 25. Nc5 Bxc5 26. dxc5 Na8 27. Qh3 g6 28. e6 Qxe6 29. Rfe1 Qd7 30. Bd4+ f6 31. Bc2 Nac7 32. Bxa4 Ne6 33. Be3 Rfe8 34. Qf3 Qe7 35. h3 Nxc5 36. Bf2 Ne4 37. Bc2 b5 38. Bd4 Kg8 39. Bb3 Qe6 40. Bg1 Kg7 41. Kh2 Rd7 42. Rd3 Nd2 43. Rxd2 Qxe1 44. Rd1 Qe4 45. Qg3 Ree7 46. Bf2 Qxf4 0-1


[Site "https://www.chess.com"]

[Event "Titled Tuesday Blitz September 13 Late 2022"]
[White "Leitao, Rafael"]
[Black "Ivic, Velimir"]
[WhiteFideId "2101246"]
[BlackFideId "950122"]
[WhiteElo "2609"]
[BlackElo "2625"]
[Result "0-1"]
[Round "08"]
[TimeControl "180+1"]
[Date "2022.09.13"]
[WhiteClock "0:00:39"]
[BlackClock "0:02:38"]

1. c4 e5 2. Nc3 Nc6 3. Nf3 g6 4. e3 Bg7 5. d4 d6 6. Be2 Nge7 7. O-O O-O 8. d5 Nb8 9. e4 Nd7 10. b4 h6 11. c5 f5 12. cxd6 cxd6 13. Nd2 Nf6 14. Ba3 g5 15. b5 Ng6 16. exf5 Bxf5 17. Nc4 Rc8 18. Rc1 Ne8 19. Bd3 Bxd3 20. Qxd3 Nf4 21. Qe4 Nf6 0-1


[Site "https://www.chess.com"]

[Event "Titled Tuesday Blitz September 13 Late 2022"]
[White "Lin, Dachey"]
[Black "Gheorghiu, Calin"]
[WhiteFideId "2029650"]
[BlackFideId "1200305"]
[WhiteElo "2313"]
[BlackElo "2168"]
[Result "1-0"]
[Round "08"]
[TimeControl "180+1"]
[Date "2022.09.13"]
[WhiteClock "0:01:22"]
[BlackClock "0:00:11"]

1. g4 e5 2. d4 e4 3. d5 c6 4. c4 d6 5. h3 cxd5 6. cxd5 h5 7. Qa4+ Nd7 8. Qxe4+ Ne7 9. g5 Nc5 10. Qf4 Nxd5 11. Qd4 Ne7 12. Nc3 Nc6 13. Qh4 Be7 14. Bg2 Be6 15. Nf3 Qb6 16. O-O O-O-O 17. Be3 Qxb2 18. Rfc1 f6 19. Rab1 Qa3 20. Nb5 Qxa2 21. Nfd4 fxg5 22. Bxg5 Bxg5 23. Qxg5 Nxd4 24. Nxd4 Bc4 25. Bxb7+ Nxb7 26. Qb5 Nc5 27. Qc6# 1-0


[Site "https://www.chess.com"]

[Event "Titled Tuesday Blitz September 13 Late 2022"]
[White "Livaic, Leon"]
[Black "Barbosa, Evandro Amorim"]
[WhiteFideId "14531534"]
[BlackFideId "2115824"]
[WhiteElo "2540"]
[BlackElo "2454"]
[Result "1-0"]
[Round "08"]
[TimeControl "180+1"]
[Date "2022.09.13"]
[WhiteClock "0:00:24"]
[BlackClock "0:00:04"]

1. d4 Nf6 2. c4 g6 3. Nc3 d5 4. cxd5 Nxd5 5. e4 Nxc3 6. bxc3 Bg7 7. Bc4 c5 8. Ne2 Nc6 9. Be3 O-O 10. h4 cxd4 11. cxd4 Qa5+ 12. Kf1 Rd8 13. h5 Ne5 14. Bb3 Ng4 15. hxg6 hxg6 16. Bd2 Qa6 17. Kg1 Be6 18. d5 Bxa1 19. Qxa1 f6 20. Nf4 Bf7 21. Qc3 Qb6 22. Qg3 e5 23. dxe6 Rxd2 24. exf7+ Kg7 25. Qxg4 Qxf2+ 26. Kh2 Rh8+ 27. Nh3 Rd3 28. f8=Q+ Kxf8 29. Qc8+ Kg7 30. Qxh8+ Kxh8 31. Nxf2 1-0


[Site "https://www.chess.com"]

[Event "Titled Tuesday Blitz September 13 Late 2022"]
[White "Makarian, Rudik"]
[Black "Xiong, Jeffery"]
[WhiteFideId "44105681"]
[BlackFideId "2047640"]
[WhiteElo "2410"]
[BlackElo "2714"]
[Result "1/2-1/2"]
[Round "08"]
[TimeControl "180+1"]
[Date "2022.09.13"]
[WhiteClock "0:00:03"]
[BlackClock "0:00:28"]

1. d4 d5 2. c4 e6 3. Nf3 dxc4 4. Nc3 a6 5. a4 Nc6 6. g3 Nf6 7. Bg2 Be7 8. O-O O-O 9. Bg5 Nd5 10. h4 h6 11. Bxe7 Qxe7 12. e3 Bd7 13. Nd2 Nxc3 14. bxc3 b5 15. Ne4 Na5 16. axb5 axb5 17. Nc5 Bc6 18. Qb1 Qd6 19. Ne4 Bxe4 20. Bxe4 c6 21. Bc2 Nb7 22. Qb2 Qc7 23. Be4 Nd6 24. Bf3 Nf5 25. e4 Ne7 26. Qb4 e5 27. Qc5 Rfd8 28. dxe5 Ng6 29. e6 fxe6 30. Bg4 Ne5 31. Bxe6+ Kh8 32. Bf5 Nd3 33. Qe3 Qe5 34. Rxa8 Rxa8 35. Qb6 Qxc3 36. Qxc6 Rb8 37. Qg6 Kg8 38. Qe6+ Kh8 39. Qg6 Kg8 40. Qe6+ Kh8 41. Qd6 Qe5 42. Qg6 Kg8 43. Be6+ Kh8 44. Bf5 Kg8 45. Be6+ Kh8 46. Bf5 1/2-1/2


[Site "https://www.chess.com"]

[Event "Titled Tuesday Blitz September 13 Late 2022"]
[White "Maltsevskaya, Aleksandra"]
[Black "Goncalves, Davi Sulzbacher"]
[WhiteFideId "24174041"]
[BlackFideId "2154510"]
[WhiteElo "2243"]
[BlackElo "2107"]
[Result "1-0"]
[Round "08"]
[TimeControl "180+1"]
[Date "2022.09.13"]
[WhiteClock "0:01:55"]
[BlackClock "0:00:53"]

1. e4 c5 2. Nf3 Nc6 3. d4 cxd4 4. Nxd4 Nf6 5. Nc3 e5 6. Ndb5 d6 7. Bg5 a6 8. Na3 b5 9. Nd5 Be7 10. Bxf6 Bxf6 11. c4 b4 12. Nc2 Bg5 13. b3 a5 14. g3 O-O 15. h4 Bh6 16. Bh3 Be6 17. Kf1 g6 18. Kg2 f5 19. h5 Ra7 20. hxg6 hxg6 21. Nce3 Bxe3 22. Nxe3 Nd4 23. exf5 Qa8+ 24. f3 gxf5 25. Nc2 Nxc2 26. Qxc2 Rg7 27. Qd2 d5 28. Qh6 Kf7 29. cxd5 Bxd5 30. Qh5+ Ke7 31. Rac1 Rc8 32. Qxf5 Bxf3+ 33. Qxf3 Rxg3+ 34. Kxg3 Rg8+ 35. Bg4 1-0


[Site "https://www.chess.com"]

[Event "Titled Tuesday Blitz September 13 Late 2022"]
[White "Martinez Alcantara, Jose Eduardo"]
[Black "Ceres, Dragos"]
[WhiteFideId "3805662"]
[BlackFideId "13905864"]
[WhiteElo "2703"]
[BlackElo "2150"]
[Result "1-0"]
[Round "08"]
[TimeControl "180+1"]
[Date "2022.09.13"]
[WhiteClock "0:00:42"]
[BlackClock "0:00:01"]

1. e4 e5 2. Nf3 Nc6 3. Bb5 a6 4. Ba4 g6 5. c3 Bg7 6. d4 exd4 7. cxd4 b5 8. Bb3 Na5 9. Bc2 d6 10. h3 Ne7 11. O-O O-O 12. Nc3 c5 13. d5 b4 14. Ne2 Nc4 15. Rb1 a5 16. Bd3 Ba6 17. b3 Na3 18. Bxa3 bxa3 19. Bxa6 Rxa6 20. Nd2 a4 21. bxa4 Nc8 22. Qb3 Qa5 23. Nc4 Qxa4 24. Qd3 Na7 25. Nc3 Qe8 26. e5 dxe5 27. Ne4 Nc6 28. dxc6 Qxc6 29. Rfd1 Raa8 30. Qd5 Qxd5 31. Rxd5 Rfd8 32. Rxd8+ Rxd8 33. Nxa3 Ra8 34. Nc4 f5 35. Ng5 h6 36. Ne6 Bf6 37. a3 e4 38. g4 Kf7 39. Nf4 Bd4 40. Rb7+ Kf6 41. Kg2 fxg4 42. hxg4 g5 43. Rb6+ Kf7 44. Nd5 Ra4 45. Rb7+ Ke6 46. Ndb6 Ra6 47. Rh7 Bb2 48. Rxh6+ 1-0


[Site "https://www.chess.com"]

[Event "Titled Tuesday Blitz September 13 Late 2022"]
[White "Martinez Ramirez, Lennis"]
[Black "Mikhalsky, Vladimir"]
[WhiteFideId "3509079"]
[BlackFideId "14144352"]
[WhiteElo "2374"]
[BlackElo "2271"]
[Result "1-0"]
[Round "08"]
[TimeControl "180+1"]
[Date "2022.09.13"]
[WhiteClock "0:01:34"]
[BlackClock "0:00:14"]

1. d4 Nf6 2. c4 g6 3. Nc3 Bg7 4. e4 O-O 5. f3 d6 6. Be3 a6 7. Qd2 Re8 8. g4 Nc6 9. g5 Nh5 10. Nge2 b5 11. Ng3 e5 12. dxe5 Nxe5 13. Be2 Nxc4 14. Bxc4 bxc4 15. Nxh5 gxh5 16. Rg1 Rb8 17. O-O-O Be6 18. Bd4 Qc8 19. Bf6 Qb7 20. Rg2 Qb6 21. Qf4 Qc5 22. Rdg1 h4 23. Bxg7 Kxg7 24. Qf6+ Kg8 25. g6 Qe3+ 26. Kb1 Rxb2+ 27. Kxb2 Rb8+ 28. Ka1 1-0


[Site "https://www.chess.com"]